 Dungeon Crawl Stone Soup version 0.24-a0-201-gf205589 (webtiles) character file.

Game seed: 13723041858838177566

660 Borgoz the Sneak (level 7, -2/40 HPs)
             Began as a Kobold Enchanter on Mar 24, 2019.
             Slain by an ice beast (13 damage)
             ... on level 6 of the Dungeon.
             The game lasted 00:11:41 (6008 turns).

Borgoz the Sneak (Kobold Enchanter)                 Turns: 6008, Time: 00:11:42

Health: -2/40      AC:  6    Str:  7    XL:     7   Next: 86%
Magic:  20/20      EV: 19    Int: 17    God:
Gold:   192        SH:  0    Dex: 20    Spells: 6/12 levels left

rFire    . . .     SeeInvis .   a - +0 short sword
rCold    . . .     Gourm    .   (shield restricted)
rNeg     . . .     Faith    .   k - +0 ring mail (curse)
rPois    .         Spirit   .   (no helmet)
rElec    .         Reflect  .   h - +0 cloak
rCorr    .         Harm     .   (no gloves)
MR       .....                  (no boots)
Stlth    ++++......             e - amulet of inaccuracy (curse)
HPRegen  0.13/turn              f - +3 ring of slaying
MPRegen  0.17/turn              o - ring of magical power

@: agile, very slightly contaminated
A: small, carnivore
a: no special abilities


You were on level 6 of the Dungeon.
You were completely stuffed.

You visited 1 branch of the dungeon, and saw 6 of its levels.

You collected 285 gold pieces.
You spent 93 gold pieces at shops.

Inventory:

Hand Weapons
 a - a +0 short sword (weapon)
 b - a +1 blowgun
 m - a +1 dagger
 t - a +0 hand crossbow
Missiles
 n - 41 poisoned needles
Armour
 h - a +0 cloak (worn)
 k - a cursed +0 ring mail (worn)
Jewellery
 e - a cursed amulet of inaccuracy (around neck)
 f - a +3 ring of slaying (left hand)
 o - a ring of magical power (right hand)
Wands
 j - a wand of scattershot (5)
 x - a wand of clouds (2)
Scrolls
 g - 2 scrolls of teleportation
 i - a scroll of fog
 r - a scroll of fear
 s - 5 scrolls of enchant weapon
Potions
 c - a potion of magic {unknown}
 l - a potion of cancellation
 p - a potion of resistance {unknown}
 q - 2 potions of agility
 w - a potion of ambrosia {unknown}
 z - a potion of brilliance {unknown}
 A - a potion of heal wounds
Comestibles
 d - 7 rations
 u - 8 chunks of flesh


   Skills:
 + Level 2.2 Fighting
 * Level 4.0 Short Blades
 + Level 2.2 Throwing
 * Level 2.7 Armour
 + Level 3.6 Dodging
 + Level 5.2 Stealth
 - Level 3.0 Spellcasting
 + Level 3.8 Hexes
 + Level 1.9 Ice Magic
 + Level 1.6 Evocations


You had 6 spell levels left.
You knew the following spells:

 Your Spells              Type           Power        Failure   Level  Hunger
a - Corona                Hex            ###....      12%         1    None
b - Ensorcelled Hibernat  Hex/Ice        ##....       26%         2    ##.....
c - Confuse               Hex            ###.....     34%         3    ###....

Your spell library contained the following spells:

 Spells                   Type           Power        Failure   Level  Hunger
 Tukima's Dance           Hex            ###.....     34%         3    ###....
 Dazzling Spray           Conj/Hex       #.....       58%         3    ###....


Dungeon Overview and Level Annotations

Branches:
Dungeon (6/15)
 Temple: D:4-7

Altars:
Dithmenos
Makhleb
Nemelex Xobeh
Uskayaw
Wu Jian
Yredelemnul
The Shining One

Shops:
D:5 ?

Annotations:
D:3 2 transporters, 1 runed translucent door, Crazy Yiuf; Somebody's ghost, amateur GnCj


Innate Abilities, Weirdness & Mutations

You are small and have problems with some larger weapons.
You are carnivorous and can eat meat at any time.


Message History

The orc hits you but does no damage.
You hit the orc but do no damage.
The orc is heavily wounded.
The orc hits you.
You hit the orc but do no damage.
The orc is heavily wounded.
The orc closely misses you.
You hit the orc but do no damage.
The orc is heavily wounded.
The ice beast hits you. The ice beast freezes you! The orc closely misses you.
You are too injured to fight recklessly!
You are too injured to fight recklessly!
You hit the ice beast.
The ice beast is lightly wounded.
The ice beast hits you. The ice beast freezes you.
You feel agile all of a sudden. The ice beast hits you.
* * * LOW HITPOINT WARNING * * *
The ice beast freezes you!
You die...

#..#..#....#########
##...###....).......
#..#....#.#######
##...####รท# ..
##..# #.# ..##...##
#.# #.....#..# #.#
##...###.# #.#
#.....#..###@#
...........#Y######
............o.......
########.######.####
........# #
#######.# #.. #.. .
#### ..


You could see an ice beast and an orc.

Vanquished Creatures
  A sky beast (D:6)
  A centaur (D:5)
  A scorpion (D:4)
  A howler monkey (D:3)
  A hound (D:4)
  An orc priest (D:4)
  A gnoll shaman (D:4)
  An orc wizard (D:4)
  2 iguanas
  A hound skeleton (D:5)
  4 gnolls (D:4)
  5 adders
  A shadow imp (D:5)
  2 oozes (D:1)
  3 worms
  4 dart slugs
  5 leopard geckos
  7 orcs
  10 bats
  7 giant cockroaches
  6 goblins
  4 hobgoblins
  9 jackals
  A ball python (D:2)
  6 frilled lizards
  10 kobolds
  12 rats
107 creatures vanquished.

Vanquished Creatures (others)
  5 plants (D:3)
5 creatures vanquished.

Grand Total: 112 creatures vanquished

Notes
Turn   | Place    | Note
-------+----------+-------------------------------------------
     0 | D:1      | Borgoz the Kobold Enchanter began the quest for the Orb.
     0 | D:1      | Reached XP level 1. HP: 10/10 MP: 3/3
   385 | D:1      | Reached XP level 2. HP: 15/15 MP: 5/5
   407 | D:1      | Learned a level 2 spell: Ensorcelled Hibernation
   423 | D:1      | Reached XP level 3. HP: 14/20 MP: 6/6
  1208 | D:1      | Reached skill level 1 in Fighting
  1339 | D:1      | Reached skill level 1 in Armour
  1356 | D:1      | Learned a level 3 spell: Confuse
  1752 | D:2      | Reached XP level 4. HP: 22/25 MP: 7/7
  1927 | D:2      | Found a glowing golden altar of the Shining One.
  1941 | D:2      | Reached skill level 1 in Throwing
  2167 | D:2      | Found a sparkling altar of Nemelex Xobeh.
  2232 | D:2      | Found a basalt altar of Yredelemnul.
  2686 | D:3      | Reached XP level 5. HP: 29/29 MP: 8/8
  2695 | D:3      | Found a transporter.
  3224 | D:3      | Found a runed translucent door.
  3225 | D:3      | Noticed Crazy Yiuf
  3304 | D:3      | Noticed Somebody's ghost (amateur GnCj)
  3324 | D:3      | Found a transporter.
  3497 | D:3      | Reached skill level 1 in Ice Magic
  3589 | D:4      | Reached XP level 6. HP: 18/34 MP: 10/10
  3736 | D:4      | Found an ornate altar of the Wu Jian Council.
  4026 | D:5      | Entered Level 5 of the Dungeon
  4028 | D:5      | Found a burning altar of Makhleb.
  4104 | D:5      | Found a hide-covered altar of Uskayaw.
  4138 | D:5      | Found Waoruon's Magic Scroll Shop.
  4144 | D:5      | Bought a scroll of teleportation for 33 gold pieces
  4144 | D:5      | Bought a scroll of fear for 38 gold pieces
  4144 | D:5      | Bought a scroll of identify for 22 gold pieces
  4500 | D:5      | Reached skill level 1 in Evocations
  4500 | D:5      | Reached XP level 7. HP: 14/39 MP: 11/11
  5254 | D:4      | Found a shadowy altar of Dithmenos.
  5329 | D:4      | Reached skill level 5 in Stealth
  6008 | D:6      | Slain by an ice beast

Levels and vault maps discovered:
D:1:      wander_arrival_estate, layout_basic
D:2:      layout_basic, minitemple, lemuel_doored_altar,
          kennysheep_generic_room_8
D:3:      layout_rooms, first_ration, gammafunk_ghost_gnarly_gnolls,
          grunt_ministairs_3, uniq_crazy_yiuf_cottage
D:4:      layout_rooms, nicolae_dithmenos_through_a_glass_darkly,
          lemuel_round_altar, serial_bayou_lake_a
D:5:      layout_loops_cross, eat_drink_and_be_merry_uskayaw, serial_shops,
          shop, basic_altar
D:6:      layout_loops_ring, old_standard_altar, fedhas_ov_isle_minmay,
          gammafunk_ghost_cemetery, chequers_serial_rivers_room_a,
          minmay_strange_pillars, minmay_misc_feat_ornament,
          grunt_gozag_breadcrumbs

Skill      XL: |  1  2  3  4  5  6  7 |
---------------+----------------------+-----
Fighting       | 1 2 |  2.2
Short Blades   | 2 3 4 |  4.0
Armour         | 1 2 |  2.7
Throwing       | 1 2 |  2.2
Dodging        | 3 |  3.6
Ice Magic      | 1 |  1.9
Spellcasting   | 3 |  3.0
Evocations     | 1 |  1.6
Stealth        | 5 |  5.2
Hexes          | |  3.8

Action                   |  1- 3 |  4- 6 |  7- 9 || total
-------------------------+-------+-------+-------++-------
Melee: Dagger            |   168 |    44 |       ||   212
       Short sword       |       |   161 |    62 ||   223
 Fire: Blowgun           |       |    10 |       ||    10
 Cast: Ensorcelled Hiber |     1 |       |     4 ||     5
Evoke: Wand              |       |       |     1 ||     1
  Use: Scroll            |     1 |     6 |     2 ||     9
       Potion            |       |     4 |     1 ||     5
 Stab: Sleeping          |     9 |     7 |     2 ||    18
  Eat: Chunk             |    11 |     9 |     5 ||    25
Armor: Robe              |    26 |       |       ||    26
       Ring mail         |     8 |    58 |    15 ||    81
Dodge: Dodged            |   141 |    97 |    30 ||   268

Table legend:
 A = Non-vault XP
 B = Vault XP
 C = Vault XP percentage of total XP
 D = Non-vault monster count
 E = Vault monster count
 F = Vault count percentage of total count
                 A         B        C        D         E       F
            +---------+---------+-------+---------+---------+-------
      Total |     937 |       6 |   0.6 |     104 |       3 |   2.8
            +---------+---------+-------+---------+---------+-------
        D:1 |      65 |       0 |   0.0 |      32 |       0 |   0.0
        D:2 |      62 |       2 |   3.1 |      22 |       1 |   4.3
        D:3 |      99 |       4 |   3.9 |      15 |       2 |  11.8
        D:4 |     329 |       0 |   0.0 |      20 |       0 |   0.0
        D:5 |     204 |       0 |   0.0 |       8 |       0 |   0.0
        D:6 |     178 |       0 |   0.0 |       7 |       0 |   0.0
            +---------+---------+-------+---------+---------+-------
